 Seeded DCSS version 0.28-a0-1506-g3893175d92 (webtiles) character file.

Game seed: 759471176321562610 (custom seed)

6 riojii the Sneak (level 1, 13/13 HPs)
             Began as a Vampire Enchanter on Jan 13, 2022.
             Quit the game on level 1 of the Dungeon.
             The game lasted 00:00:45 (404 turns).

riojii the Sneak (Vampire Enchanter)                 Turns: 404, Time: 00:00:46

Health: 13/13      AC:  2    Str:  9    XL:     1   Next: 75%
Magic:  3/3        EV: 12    Int: 17    God:
Gold:   22         SH:  0    Dex: 16    Spells: 4/4 levels left

rFire   . . .      SeeInvis +   a - +1 dagger
rCold   . . .      Faith    .   (no shield)
rNeg    . . .      Spirit   .   b - +0 robe
rPois   .          Reflect  .   (no helmet)
rElec   .          Harm     .   (no cloak)
rCorr   .          Rampage  .   (no gloves)
Will    .....      Clarity  +   (no boots)
Stlth   +++.......              (no amulet)
HPRegen 0.24/turn               (no ring)
MPRegen 0.08/turn               (no ring)

@: healing quickly
A: alive, fangs 3, see invisible, vampiric 1, claws 1, talons 1, agile 1,
clarity, strong 1
a: Exsanguinate


You were on level 1 of the Dungeon.
You visited 1 branch of the dungeon, and saw 1 of its levels.

You collected 22 gold pieces.

Inventory:

Hand Weapons
 a - a +1 dagger (weapon)
Armour
 b - a +0 robe (worn)
Scrolls
 e - a scroll of fear {unknown}
 f - 2 scrolls of teleportation {unknown}
Potions
 c - a potion of invisibility
 g - a potion of curing {unknown}


   Skills:
 + Level 1.2 Short Blades
 + Level 2.3 Dodging
 * Level 4.6 Stealth
 + Level 2.0 Spellcasting
 * Level 4.6 Hexes


You had 4 spell levels left.
You didn't know any spells.
Your spell library contained the following spells:

 Spells                   Type           Power      Damage    Failure   Level
 Confusing Touch          Hex            17%        N/A       9%          3
 Tukima's Dance           Hex            17%        N/A       9%          3
 Ensorcelled Hibernation  Hex/Ice        18%        N/A       12%         2
 Dazzling Flash           Conj/Hex       18%        N/A       22%         3


Dungeon Overview and Level Annotations

Branches:
Dungeon (1/15)

Altars:


Innate Abilities, Weirdness & Mutations

Your natural rate of healing is accelerated.
You have razor-sharp teeth.
You have supernaturally acute eyesight. (SInv)
You are afflicted with vampirism.
You have sharp fingernails.
You have sharp toenails.
You are agile. (Dex +2)
You possess an exceptional clarity of mind.
Your muscles are strong. (Str +2)


Message History

No target in view!
No target in view!
No target in view!
No target in view!
No target in view!
No target in view!
No target in view!
No target in view!
No target in view!
No target in view!
No target in view!
Found 22 sling bullets.
There is a stone staircase leading down here.
You now have 18 gold pieces (gained 1).
d - 3 fizzy blue potions (gained 2)
You see here 22 sling bullets.
You now have 22 gold pieces (gained 4).
An endoplasm comes into view.
Found a scroll labelled SOJ XYAFOL.
Found a scroll labelled BIERAPNA CEAHATS.
The helpless endoplasm fails to defend itself.
You puncture the endoplasm!
You kill the endoplasm!
e - a scroll labelled SOJ XYAFOL
f - a scroll labelled BIERAPNA CEAHATS
f - 2 scrolls labelled BIERAPNA CEAHATS (gained 1)
g - a glowing blue potion It was a potion of mutation.
You feel extremely strange.
Iridescent scales grow over part of your body.
You feel weaker.
Your thoughts seem clearer.
You feel extremely strange.
You feel stronger.
Your thinking seems confused.
You feel the urge to shout.
You lose the ability to read scrolls when threatened.
Your fingernails lengthen.
You feel extremely strange.
Your urge to shout disappears.
Your iridescent scales disappear.
You can once more read scrolls while threatened.
Your thoughts seem clearer.
You feel stronger.
Your toenails lengthen and sharpen.
You feel agile.
Are you sure you want to abandon this character and quit the game? (Confirm with "yes".)

#### ...## ##.....# #...
.....#.## #..# #......
#..# #...#.# #..# #.
#...#.######
#..###.###..........#
.....#.#............#.##
#..#.#.......#..@.......
#..#.#.#.##...........##
#..#.#..................
#..#.#........#######.#.
#..#.#........# #
#..#.#.#+###+##
...........# #
...#.#.###....
..............


There were no monsters in sight!

Vanquished Creatures
  3 endoplasms (D:1)
  A giant cockroach (D:1)
  A bat (D:1)
5 creatures vanquished.

Notes
Turn   | Place    | Note
-------+----------+-------------------------------------------
     0 | D:1      | riojii the Vampire Enchanter began the quest for the Orb.
     0 | D:1      | Reached XP level 1. HP: 13/13 MP: 3/3
   401 | D:1      | Gained mutation: You are partially covered in iridescent
                  | scales. (AC +2) [potion of mutation]
   401 | D:1      | Gained mutation: You are weak. (Str -2) [potion of
                  | mutation]
   401 | D:1      | Gained mutation: You possess an exceptional clarity of
                  | mind. [potion of mutation]
   402 | D:1      | Lost mutation: You are weak. (Str -2) [potion of mutation]
   402 | D:1      | Lost mutation: You possess an exceptional clarity of mind.
                  | [potion of mutation]
   402 | D:1      | Gained mutation: You occasionally shout uncontrollably at
                  | your foes. [potion of mutation]
   402 | D:1      | Gained mutation: You sometimes lose the ability to read
                  | scrolls when taking damage. [potion of mutation]
   402 | D:1      | Gained mutation: You have sharp fingernails. [potion of
                  | mutation]
   403 | D:1      | Lost mutation: You occasionally shout uncontrollably at
                  | your foes. [potion of mutation]
   403 | D:1      | Lost mutation: You are partially covered in iridescent
                  | scales. (AC +2) [potion of mutation]
   403 | D:1      | Lost mutation: You sometimes lose the ability to read
                  | scrolls when taking damage. [potion of mutation]
   403 | D:1      | Gained mutation: You possess an exceptional clarity of
                  | mind. [potion of mutation]
   403 | D:1      | Gained mutation: Your muscles are strong. (Str +2) [potion
                  | of mutation]
   403 | D:1      | Gained mutation: You have sharp toenails. [potion of
                  | mutation]
   403 | D:1      | Gained mutation: You are agile. (Dex +2) [potion of
                  | mutation]
   404 | D:1      | Quit the game

Illustrated notes

Levels and vault maps discovered:
D:1:      dpeg_arrival_rooms_c, layout_basic

Action                   || total
-------------------------++-------
Melee: Dagger            ||    22
       Bite              ||     1
  Use: Potion            ||     3
 Stab: Sleeping          ||     3
Armor: Robe              ||     8
Dodge: Dodged            ||    12

Table legend: (Time is in decaauts)
 A = Elapsed time spent in this place.
 B = Non-inter-level travel time spent in this place.
 C = Inter-level travel time spent in this place.
 D = Time resting spent in this place.
 E = Time spent auto-exploring this place.
 F = Levels seen in this place.
 G = Mean time per level.
                   A        B        C        D        E       F      G
               +--------+--------+--------+--------+--------+-----+--------+
         Total |    402 |    402 |      0 |      0 |    341 |   1 |  402.0 |
       Dungeon |    402 |    402 |      0 |      0 |    341 |   1 |  402.0 |
               +--------+--------+--------+--------+--------+-----+--------+

Top non-repeatable levels by time:
     D:1: 402 daAuts
